 Dungeon Crawl Stone Soup version 0.25-a0-294-gea9b1ad378 (webtiles) character file.

Game seed: 10564983668373587256, levelgen mode: deterministic

8496 night the Destroyer (level 11, -2/71 HPs)
             Began as a Gargoyle Fire Elementalist on Dec 19, 2019.
             Was a Priest of Vehumet.
             Slain by a wraith (11 damage)
             ... on level 9 of the Dungeon.
             The game lasted 00:36:28 (10727 turns).

night the Destroyer (Gargoyle Fire Elementalist)   Turns: 10727, Time: 00:36:28

Health: -2/71      AC: 15    Str: 13    XL:     11   Next: 31%
Magic:  15/23      EV: 12    Int: 18    God:    Vehumet [***...]
Gold:   503        SH:  0    Dex: 10    Spells: 13/26 levels left

rFire    . . .     SeeInvis .   n - +1 dire flail (holy)
rCold    . . .     Gourm    .   (shield currently unavailable)
rNeg     + . .     Faith    .   i - +2 robe {MR+}
rPois    ∞         Spirit   .   (no helmet)
rElec    +         Reflect  .   H - +0 cloak
rCorr    .         Harm     .   z - +1 pair of gloves
MR       +....                  (no boots)
Stlth    ++........             (no amulet)
HPRegen  0.21/turn              M - ring of flight
MPRegen  0.18/turn              (no ring)

@: slowed, very slow
A: negative energy resistance 1, electricity resistance, unbreathing,
petrification resistance, rot immunity, AC +8
a: Renounce Religion, Evoke Flight


You were on level 9 of the Dungeon.
You worshipped Vehumet.
Vehumet was most pleased with you.
You were hungry.

You visited 2 branches of the dungeon, and saw 11 of its levels.

You collected 503 gold pieces.

Inventory:

Hand Weapons
 a - a +1 dagger of draining
 b - a +0 morningstar
 e - a +0 short sword
 m - a +1 dagger of flaming
 n - a +1 dire flail of holy wrath (weapon)
 G - a +0 hunting sling
 J - a +1 whip of freezing
 P - a +4 scimitar of flaming
 T - a +1 short sword of electrocution
Missiles
 f - 27 poisoned darts (quivered)
 l - 96 stones
 w - 25 sling bullets
 x - 8 boomerangs
Armour
 g - a +2 shield
 i - a +2 robe of magic resistance (worn)
 j - a +1 ring mail of cold resistance
 z - a +1 pair of gloves (worn)
 H - a +0 cloak (worn)
Jewellery
 M - a ring of flight (left hand)
 Q - an uncursed ring of stealth {unknown}
Wands
 A - a wand of digging (9)
 C - a wand of flame (21)
 I - a wand of iceblast (5)
 R - a wand of disintegration (10)
 S - a wand of random effects (15)
Scrolls
 d - a scroll of identify
 o - 5 scrolls of remove curse
 r - 9 scrolls of teleportation
 t - 7 scrolls of magic mapping
 y - a scroll of blinking {unknown}
 E - a scroll of vulnerability {unknown}
 F - 2 scrolls of enchant weapon {unknown}
 L - 2 scrolls of immolation {unknown}
 N - a scroll of random uselessness {unknown}
Potions
 h - 2 potions of agility
 k - 3 potions of curing
 p - 2 potions of brilliance
 q - 3 potions of ambrosia
 s - 3 potions of resistance
 u - a potion of mutation {unknown}
 v - 3 potions of haste
 B - a potion of might {unknown}
 D - a potion of magic {unknown}
 K - 3 potions of berserk rage
Comestibles
 c - 17 rations
 O - 9 chunks of flesh


   Skills:
 + Level 9.4 Fighting
 - Level 1.5 Dodging
 - Level 2.1 Stealth
 + Level 8.2 Spellcasting
 + Level 9.5 Conjurations
 + Level 0.9 Hexes
 + Level 9.2 Fire Magic


You had 13 spell levels left.
You knew the following spells:

 Your Spells              Type           Power        Failure   Level  Hunger
a - Foxfire               Conj/Fire      ####         1%          1    None
b - Sticky Flame          Conj/Fire      #####...     1%          4    ###....
c - Fireball              Conj/Fire      #####.....   1%          5    #####..
d - Confuse               Hex            ##......     19%         3    #......

Your spell library contained the following spells:

 Spells                   Type           Power        Failure   Level  Hunger
 Static Discharge         Conj/Air       ###.....     1%          3    #......
 Magic Dart               Conj           ####         1%          1    None
 Searing Ray              Conj           #####.       1%          2    None
 Conjure Flame            Conj/Fire      #####...     1%          3    #......
 Dazzling Flash           Conj/Hex       ####..       1%          3    #......
 Inner Flame              Hex/Fire       ####....     1%          3    #......
 Fulminant Prism          Conj/Hex       ####......   3%          4    ###....
 Iskenderun's Mystic Bla  Conj/Tloc      ###.....     4%          4    ###....
 Corona                   Hex            ##.....      6%          1    None
 Ensorcelled Hibernation  Hex/Ice        #.....       12%         2    None
 Tukima's Dance           Hex            ##......     19%         3    #......


Dungeon Overview and Level Annotations

Branches:
Dungeon (10/15)            Temple (1/1) D:6             Orc (0/2) D:9
   Lair: D:8-11

Altars:
Ashenzari
Cheibriados
Dithmenos
Elyvilon
Fedhas
Gozag
Hepliaklqana
Kikubaaqudgha
Makhleb
Nemelex Xobeh
Okawaru
Qazlal
Ru
Sif Muna
Trog
Uskayaw
Vehumet
Wu Jian
Xom
Yredelemnul
Zin
The Shining One

Shops:
D:4 %   D:10 }


Innate Abilities, Weirdness & Mutations

You are resistant to torment.
Your stone body is resilient. (AC +8)
You are immune to poison.
You resist negative energy. (rN+)
You are resistant to electric shocks. (rElec)
You can survive without breathing.
You are immune to petrification.
You are immune to rotting.


Message History

* * * LOW HITPOINT WARNING * * *
The wraith drains your vigour!
You feel as though you will be slow longer.
You see here a +0 robe.
Casting: Sticky Flame (safe; 1% risk of failure)
Confirm with . or Enter, or press ? or * to list all spells.
Aiming: Sticky Flame (safe; 1% risk of failure)
Press: ? - help, Shift-Dir - straight line, f - wraith
Aim: a wraith The sticky flame hits the wraith but does no damage.
The wraith misses you. The wraith closely misses you.
Casting: Sticky Flame (safe; 1% risk of failure)
Confirm with . or Enter, or press ? or * to list all spells.
Aiming: Sticky Flame (safe; 1% risk of failure)
Press: ? - help, Shift-Dir - straight line, f/p - wraith
Aim: a wraith The sticky flame hits the wraith.
The wraith is lightly damaged.
The wraith hits you!
You die...

......##[..##.......# #.....#.
......####..'.......# ####.....##
......# ####.....[.###..'.....##
......# #.......##..##.....##
......# #....>..'..###.....#
......# #......[#### #.....##
......# ######'## #.......
####+## #####.# ##'####. ##.#
#YW@).# #....).) #..# #>#####
##'#...). #.## ##.####
###........ ###.#########.....#
#.'........ .....##...........#
##.#........
.....#..#####.....####<.#........
.....#.## #.....#..####.......>
.....#.# #.....#..# #........
.....#.# #....###'## #........


You could see a yak and a wraith.

Vanquished Creatures
  Erica (D:9)
  A queen ant (D:9)
  Pikel (D:7)
  A troll (D:10)
  Prince Ribbit (D:8)
  A yak (D:10)
  Grum (D:8)
  A hungry ghost (D:9)
  16 soldier ants (D:9)
  Duvessa (D:7)
  3 orc warriors
  A black bear (D:7)
  A slave (D:7)
  An ice beast (D:6)
  2 wolves (D:8)
  3 phantoms
  5 centaurs
  3 ogres
  5 bullfrogs
  Dowan (D:7)
  A water moccasin skeleton (D:6)
  5 scorpions
  3 howler monkeys
  A bullfrog zombie (D:3)
  2 crimson imps
  A centaur zombie (D:3)
  4 orc priests
  A jelly (D:7)
  Crazy Yiuf (D:7)
  3 hounds
  A centaur skeleton (D:8)
  5 orc wizards
  Jessica (D:3)
  2 iguanas
  34 worker ants
  A killer bee zombie (D:8)
  2 hound skeletons
  3 gnolls (D:6)
  5 adders
  A shadow imp (D:9)
  An ooze (D:3)
  An adder zombie (D:9)
  4 worms
  3 dart slugs
  4 leopard geckos
  31 orcs
  2 ball pythons
  5 giant cockroaches
  5 goblins
  9 hobgoblins
  3 jackals (D:7)
  A quokka (D:2)
  5 bats
  A frilled lizard (D:3)
  10 kobolds
  2 leopard gecko skeletons
  A quokka skeleton (D:8)
  24 rats
239 creatures vanquished.

Vanquished Creatures (others)
  353 foxfires
353 creatures vanquished.

Grand Total: 592 creatures vanquished

Notes
Turn   | Place    | Note
-------+----------+-------------------------------------------
     0 | D:1      | night the Gargoyle Fire Elementalist began the quest for
                  | the Orb.
     0 | D:1      | Reached XP level 1. HP: 10/10 MP: 3/3
   154 | D:1      | Reached XP level 2. HP: 16/16 MP: 0/5
   487 | D:1      | Reached skill level 1 in Fighting
   620 | D:1      | Reached XP level 3. HP: 20/20 MP: 2/6
  1176 | D:2      | Found an opulent altar of Gozag.
  1366 | D:2      | Reached XP level 4. HP: 26/26 MP: 5/7
  1769 | D:2      | Reached XP level 5. HP: 23/30 MP: 7/9
  2432 | D:3      | Noticed Jessica
  2462 | D:3      | Killed Jessica
  2462 | D:3      | Reached XP level 6. HP: 36/36 MP: 10/10
  2716 | D:4      | Noticed a phantom
  2759 | D:4      | Killed a phantom
  2765 | D:4      | Learned a level 4 spell: Sticky Flame
  2771 | D:4      | Learned a level 5 spell: Fireball
  2772 | D:4      | Found Coingude's Food Shoppe.
  3012 | D:4      | Reached XP level 7. HP: 29/41 MP: 12/12
  3811 | D:5      | Entered Level 5 of the Dungeon
  3936 | D:5      | Found a hide-covered altar of Uskayaw.
  4079 | D:5      | Noticed an air elemental
  4081 | D:5      | Found a stormy altar of Qazlal.
  4085 | D:5      | Noticed a fire elemental
  4085 | D:5      | Noticed a water elemental
  4207 | D:5      | You fall into a shaft and drop 2 floors!
  4301 | D:7      | Found a sacrificial altar of Ru.
  4321 | D:7      | Reached skill level 5 in Fire Magic
  4535 | D:6      | Reached XP level 8. HP: 19/48 MP: 7/14
  4839 | D:6      | Reached skill level 5 in Conjurations
  4842 | D:6      | Reached skill level 5 in Fighting
  5163 | D:6      | Found a staircase to the Ecumenical Temple.
  5170 | Temple   | Entered the Ecumenical Temple
  5286 | Temple   | Became a worshipper of Vehumet
  5472 | D:6      | Reached skill level 5 in Spellcasting
  5925 | D:7      | Noticed Duvessa
  5925 | D:7      | Noticed Dowan
  6343 | D:7      | Killed Duvessa
  6343 | D:7      | Reached XP level 9. HP: 49/55 MP: 12/17
  6350 | D:7      | Killed Dowan
  6903 | D:7      | Found a runed translucent door.
  6904 | D:7      | Noticed Crazy Yiuf
  6909 | D:7      | Killed Crazy Yiuf
  7041 | D:7      | Noticed Pikel
  7096 | D:7      | Killed Pikel
  7290 | D:8      | Reached * piety under Vehumet
  7290 | D:8      | Offered knowledge of Freeze by Vehumet.
  7337 | D:8      | Noticed Prince Ribbit
  7355 | D:8      | Killed Prince Ribbit
  7479 | D:8      | Noticed Grum
  7515 | D:8      | Killed Grum
  7936 | D:8      | Reached XP level 10. HP: 57/63 MP: 19/19
  8515 | D:9      | Found a staircase to the Orcish Mines.
  8515 | D:9      | Noticed Erica
  8561 | D:9      | Killed Erica
  9131 | D:9      | Offered knowledge of Sandblast by Vehumet.
  9141 | D:9      | Reached ** piety under Vehumet
  9256 | D:9      | Noticed a queen ant
  9445 | D:9      | Killed a queen ant
  9723 | D:9      | Reached XP level 11. HP: 69/69 MP: 20/22
 10087 | D:9      | Offered knowledge of Static Discharge by Vehumet.
 10447 | D:10     | Entered Level 10 of the Dungeon
 10452 | D:10     | Reached *** piety under Vehumet
 10462 | D:10     | Learned a level 3 spell: Confuse
 10503 | D:10     | Found Nugoilac's Gadget Shop.
 10727 | D:9      | Slain by a wraith

Levels and vault maps discovered:
D:1:      erik_arrival_orb_chamber, layout_basic
D:2:      layout_basic, nicolae_gozag_cash_rules_everything_around_me
D:3:      layout_basic, minmay_misc_feat_cross, chequers_mini_garden,
          uniq_jessica
D:4:      layout_loops_ring, serial_shops,
          nicolae_shop_temple_entry_statues_fountains, first_ration,
          kennysheep_nub
D:5:      layout_basic, overflow_temple_1_default, minivault_1,
          nicolae_qazlal_style_of_elements, uniq_edmund
D:6:      layout_basic, minmay_temple_entry_enclosed_plants
D:7:      layout_basic, nicolae_ru_great_annihilating_truth,
          uniq_crazy_yiuf_cottage, uniq_pikel, uniq_duvessa
D:8:      layout_basic, uniq_grum, uniq_prince_ribbit1
D:9:      layout_roguey, david_orc_3, hangedman_pestilent_swarm, zaba_anthell,
          uniq_erica
D:10:     layout_rooms, serial_shops, shop_fountains, minivault_24
Temple:   kilobyte_greek_temple

Skill      XL: |  1  2  3  4  5  6  7  8  9 10 11 |
---------------+----------------------------------+-----
Fighting       | 1 2 3 4 6 7 8 9 |  9.4
Conjurations   | 2 3 4 6 7 9 |  9.5
Spellcasting   | 3 4 5 6 7 8 |  8.2
Fire Magic     | 4 5 6 7 8 9 |  9.2
Dodging        | |  1.5
Stealth        | |  2.1
Hexes          | |  0.9

Action                   |  1- 3 |  4- 6 |  7- 9 | 10-12 || total
-------------------------+-------+-------+-------+-------++-------
Melee: Short sword       |     5 |       |       |    16 ||    21
       Dagger            |    23 |   160 |   382 |   430 ||   995
       Morningstar       |       |       |    19 |       ||    19
       Dire flail        |       |       |    13 |    35 ||    48
       Whip              |       |       |     6 |    11 ||    17
Throw: Boomerang         |       |       |     8 |       ||     8
       Dart              |       |       |       |     8 ||     8
 Cast: Foxfire           |    44 |    37 |    72 |    44 ||   197
       Sticky Flame      |       |       |    13 |    38 ||    51
       Fireball          |       |       |     3 |     4 ||     7
  Use: Scroll            |     1 |       |    11 |       ||    12
 Stab: Sleeping          |       |     2 |     2 |     1 ||     5
       Paralysed         |       |       |     1 |       ||     1
  Eat: Chunk             |     2 |     5 |    14 |     9 ||    30
       Ration            |       |       |     2 |     2 ||     4
Armor: Robe              |    14 |    66 |   206 |   218 ||   504
Dodge: Dodged            |    20 |   116 |   314 |   275 ||   725

Table legend:
 A = Non-vault XP
 B = Vault XP
 C = Vault XP percentage of total XP
 D = Non-vault monster count
 E = Vault monster count
 F = Vault count percentage of total count
                 A         B        C        D         E       F
            +---------+---------+-------+---------+---------+-------
      Total |    4864 |    7274 |  59.9 |     156 |      82 |  34.5
            +---------+---------+-------+---------+---------+-------
        D:1 |      27 |      12 |  30.8 |      17 |      12 |  41.4
        D:2 |     137 |       0 |   0.0 |      27 |       0 |   0.0
        D:3 |     222 |      37 |  14.3 |      22 |       1 |   4.3
        D:4 |     412 |       0 |   0.0 |      13 |       0 |   0.0
        D:5 |      84 |       0 |   0.0 |       6 |       0 |   0.0
        D:6 |     977 |       0 |   0.0 |      17 |       0 |   0.0
        D:7 |     756 |     960 |  55.9 |      26 |       8 |  23.5
        D:8 |     443 |     699 |  61.2 |       9 |       4 |  30.8
        D:9 |     704 |    5566 |  88.8 |       9 |      57 |  86.4
       D:10 |    1102 |       0 |   0.0 |      10 |       0 |   0.0
            +---------+---------+-------+---------+---------+-------
